 Dungeon Crawl Stone Soup version 0.26.1-2-gb8aa6d0cf2 (webtiles) character file.

Game seed: 260787218808705744

2544 graki42 the Fighter (level 9, 82/82 HPs)
             Began as a Minotaur Berserker on Mar 13, 2021.
             Was an Elder of Trog.
             Quit the game on level 8 of the Dungeon.
             The game lasted 00:12:15 (5330 turns).

graki42 the Fighter (Minotaur Berserker)            Turns: 5330, Time: 00:12:16

Health: 82/82      AC: 11    Str: 28    XL:     9   Next: 30%
Magic:  8/8        EV: 15    Int:  7    God:    Trog [****..]
Gold:   436        SH:  0    Dex: 10    Spells: 8/8 levels left

rFire    . . .     SeeInvis .   a - +1 spear
rCold    . . .     Faith    .   (no shield)
rNeg     . . .     Spirit   .   s - +1 chain mail {rPois}
rPois    +         Reflect  .   (helmet restricted)
rElec    .         Harm     .   (no cloak)
rCorr    .         Rampage  .   (no gloves)
Will     .....                  (no boots)
Stlth    ..........             (no amulet)
HPRegen  0.23/turn              c - +6 ring of strength
MPRegen  0.11/turn              d - +4 ring of evasion

@: no status effects
A: retaliatory headbutt, horns 2
a: Renounce Religion, Berserk, Trog's Hand, Brothers in Arms


You were on level 8 of the Dungeon.
You worshipped Trog.
Trog was greatly pleased with you.
You visited 1 branch of the dungeon, and saw 9 of its levels.

You collected 436 gold pieces.

Inventory:

Hand Weapons
 a - a +1 spear (weapon)
 u - a +0 trident
Missiles
 p - a throwing net
Armour
 s - a +1 chain mail of poison resistance (worn)
Jewellery
 c - a +6 ring of strength (left hand)
 d - a +4 ring of evasion (right hand)
 t - a +4 ring of evasion
 B - a +4 ring of evasion
Wands
 b - a wand of digging (7)
 h - a wand of iceblast (6)
 r - a wand of polymorph (14)
 w - a wand of random effects (12)
 y - a wand of flame (9)
 A - a wand of enslavement (5)
Scrolls
 f - 2 scrolls of enchant weapon
 j - 4 scrolls of remove curse
 k - 4 scrolls of identify
 n - a scroll of teleportation
Potions
 e - 3 potions of might {unknown}
 g - 5 potions of heal wounds {unknown}
 i - a potion of haste
 l - a potion of attraction {unknown}
 m - 5 potions of curing {unknown}
 q - 2 potions of flight {unknown}
 v - a potion of degeneration {unknown}
 C - a potion of magic {unknown}
 D - 2 potions of cancellation {unknown}


   Skills:
 + Level 8.5 Fighting
 + Level 8.4 Polearms
 + Level 7.9 Armour
 + Level 7.1 Dodging


You had 8 spell levels left.
You didn't know any spells.
Your spell library contained the following spells:

 Spells                   Type           Power        Failure   Level
 Confusing Touch          Hex            0%           100%        3
 Gell's Gravitas          Tloc           0%           100%        3
 Petrify                  Tmut/Erth      0%           100%        4
 Metabolic Englaciation   Hex/Ice        0%           100%        5
 Yara's Violent Unravell  Hex/Tmut       0%           100%        5


Dungeon Overview and Level Annotations

Branches:
Dungeon (9/15)             Temple (0/1) D:7
   Lair: D:8-11         Orc: D:9-12

Altars:
Dithmenos
Elyvilon
Gozag
Okawaru
Qazlal
Ru
Trog
Uskayaw
Yredelemnul

Portals:
Ossuary: D:7


Innate Abilities, Weirdness & Mutations

You reflexively headbutt those who attack you in melee.
You have a pair of horns on your head.


Message History

Found 7 gold pieces.
You hear the faint creaking of a very distant portcullis.
A bullfrog zombie comes into view.
You barely miss the bullfrog zombie. The bullfrog zombie barely misses you.
You barely miss the bullfrog zombie. You headbutt the bullfrog zombie!
The bullfrog zombie is heavily damaged.
The bullfrog zombie barely misses you.
You hit the bullfrog zombie.
The bullfrog zombie is severely damaged.
The bullfrog zombie closely misses you. You furiously retaliate!
You headbutt the bullfrog zombie!
You destroy the bullfrog zombie!
Trog accepts your kill.
Found 20 gold pieces.
Found 4 gold pieces.
You now have 436 gold pieces (gained 4).
Found a worn brass wand.
You hear the faint creaking of a distant portcullis.
h - a wand of iceblast (6) Are you sure you want to abandon this character and quit the game? (Confirm with "yes".)

#### #
..####.#.
#........
#@.......
#.####.##
#######
#.####.####.#
......#
#...........#
#####.#
######.######
#.# #.# #.#
#.# #.# #.#
#.# #.#


There were no monsters in sight!

Vanquished Creatures
  Joseph (D:7)
  Duvessa (D:5)
  An orc warrior (D:6)
  A water moccasin (D:6)
  2 ice beasts
  2 black bears (D:6)
  3 ogres (D:7)
  A necrophage (D:6)
  A centaur (D:5)
  A big kobold (D:7)
  2 bullfrogs (D:7)
  Dowan (D:5)
  3 scorpions
  2 hounds
  A bullfrog zombie (D:8)
  An orc priest (D:6)
  2 iguanas (D:4)
  A bullfrog skeleton (D:6)
  4 orc wizards
  Natasha (thrice) (D:3)
  Terence (D:3)
  5 worker ants
  8 adders
  2 white imps
  2 oozes
  An adder zombie (D:5)
  An adder skeleton (D:5)
  3 worms
  5 leopard geckos
  12 orcs
  2 ball pythons
  6 bats
  7 giant cockroaches
  5 goblins
  8 hobgoblins
  14 jackals
  10 kobolds
  7 quokkas
  5 frilled lizards
  A jackal skeleton (D:4)
  A leopard gecko skeleton (D:4)
  8 rats
148 creatures vanquished.

Vanquished Creatures (others)
  A plant (D:8)
1 creature vanquished.

Grand Total: 149 creatures vanquished

Notes
Turn   | Place    | Note
-------+----------+-------------------------------------------
     0 | D:1      | graki42 the Minotaur Berserker began the quest for the Orb.
     0 | D:1      | Reached XP level 1. HP: 19/19 MP: 0/0
     2 | D:1      | Noticed a dwarf
     2 | D:1      | Noticed a human
     4 | D:1      | Noticed a merfolk
     4 | D:1      | Noticed an elf
     6 | D:1      | Noticed an octopode
     6 | D:1      | Noticed a draconian
     8 | D:1      | Noticed a minotaur
     8 | D:1      | Noticed an ogre
    10 | D:1      | Noticed a naga
    10 | D:1      | Noticed a vampire
    12 | D:1      | Noticed a halfling
    12 | D:1      | Noticed a centaur
    14 | D:1      | Noticed a tengu
    14 | D:1      | Noticed a spriggan
    16 | D:1      | Noticed a felid
    16 | D:1      | Noticed a vine stalker
    18 | D:1      | Noticed a demonspawn
    20 | D:1      | Noticed a formicid
    22 | D:1      | Noticed a gargoyle
    24 | D:1      | Noticed a troll
    24 | D:1      | Noticed a demigod
    26 | D:1      | Noticed a ghoul
    79 | D:1      | Reached XP level 2. HP: 27/27 MP: 1/1
   341 | D:1      | Reached XP level 3. HP: 27/33 MP: 2/2
   343 | D:1      | Reached ** piety under Trog
   948 | D:2      | Reached XP level 4. HP: 41/41 MP: 3/3
  1159 | D:2      | Found a bloodstained altar of Trog.
  1266 | D:2      | Found a shadowy altar of Dithmenos.
  1268 | D:2      | Found an opulent altar of Gozag.
  1268 | D:2      | Found a stormy altar of Qazlal.
  1693 | D:3      | Found a hide-covered altar of Uskayaw.
  1888 | D:3      | Found a white marble altar of Elyvilon.
  1948 | D:3      | Noticed Terence
  1989 | D:3      | Killed Terence
  1990 | D:3      | Reached XP level 5. HP: 47/47 MP: 4/4
  2068 | D:3      | Noticed Natasha
  2077 | D:3      | Killed Natasha
  2143 | D:3      | Noticed Natasha
  2147 | D:3      | Killed Natasha
  2148 | D:3      | Reached skill level 5 in Fighting
  2241 | D:3      | Noticed Natasha
  2251 | D:3      | Killed Natasha
  2252 | D:3      | Reached skill level 5 in Polearms
  2322 | D:4      | Reached *** piety under Trog
  2404 | D:4      | Found an iron altar of Okawaru.
  2496 | D:4      | Reached XP level 6. HP: 56/56 MP: 5/5
  2965 | D:4      | Found a sacrificial altar of Ru.
  3147 | D:5      | Entered Level 5 of the Dungeon
  3490 | D:5      | Reached XP level 7. HP: 41/62 MP: 6/6
  3494 | D:5      | Reached skill level 5 in Armour
  3812 | D:5      | Found a basalt altar of Yredelemnul.
  3844 | D:5      | Noticed Duvessa
  3844 | D:5      | Noticed Dowan
  3852 | D:5      | Killed Duvessa
  3853 | D:5      | Reached skill level 5 in Dodging
  3853 | D:5      | Killed Dowan
  3984 | D:6      | Reached XP level 8. HP: 41/71 MP: 7/7
  4294 | D:6      | Reached **** piety under Trog
  4808 | D:7      | Noticed Joseph
  4824 | D:7      | Killed Joseph
  4825 | D:7      | Reached XP level 9. HP: 58/81 MP: 8/8
  4972 | D:7      | Found a staircase to the Ecumenical Temple.
  5184 | D:7      | Found a sand-covered staircase.
  5204 | D:7      | You fall into a shaft and drop 2 floors!
  5330 | D:8      | Quit the game

Illustrated notes

Levels and vault maps discovered:
D:1:      kb_arrival_jail, layout_basic, minmay_bisected
D:2:      layout_basic, bloody_trog, grunt_temple_overflow_diamond,
          wad_floor_pattern_2
D:3:      layout_rooms, elyvilon_altar_3, lemuel_crystal_altar, uniq_terence,
          uniq_natasha
D:4:      layout_basic, nicolae_ru_great_annihilating_truth,
          okawaru_ov_weapons_minmay
D:5:      layout_gridville, nicolae_overflow_hidden_temple, uniq_duvessa
D:6:      layout_cave_pools, kennysheep_minor_cross, patterned_corridor
D:7:      layout_loops_ring, pdpol_wu_jian_five_deadly_venoms,
          nzn_hepliaklqana_mist_gate, minmay_temple_entry_glassed_door,
          nicolae_ossuary_entry_ruins, grunt_dithmenos_smoke_and_mirrors,
          uniq_joseph
D:8:      minmay_blocky_corners, layout_loops_ring, david_lair_generic,
          enter_bailey_3
D:9:      layout_roguey, marbit_many_paths, gammafunk_ghost_arena,
          roderic_serpentine_path

Skill      XL: |  1  2  3  4  5  6  7  8  9 |
---------------+----------------------------+-----
Fighting       | 4 5 6 8 |  8.5
Polearms       | 4 5 6 7 8 |  8.4
Armour         | 3 4 5 7 |  7.9
Dodging        | 3 4 5 6 7 |  7.1

Action                   |  1- 3 |  4- 6 |  7- 9 || total
-------------------------+-------+-------+-------++-------
Melee: Spear             |    81 |   175 |   183 ||   439
       Headbutt          |    12 |    26 |    40 ||    78
       Unarmed           |       |     5 |       ||     5
Invok: Berserk           |     2 |     2 |     6 ||    10
  Use: Scroll            |       |       |     9 ||     9
Armor: Animal skin       |     7 |     7 |       ||    14
       Chain mail        |       |    28 |    49 ||    77
Dodge: Dodged            |    60 |    92 |   130 ||   282
